 Dungeon Sprint DCSS version 0.30.0-29-ga12c61a403 (webtiles) character file.

Game seed: 13910038683722470088

277714 Groucho the Ninja (level 12, 17/67 HPs)
             Began as a Felid Berserker on June 24, 2023.
             Was a Priest of Trog.
             Escaped with the Orb!
             The game lasted 00:19:15 (3177 turns).

Groucho the Ninja (Felid Berserker)                 Turns: 3177, Time: 00:19:16

Health: 17/67      AC:  3    Str: 17    XL:     12   Next: 74%
Magic:  6/30       EV: 33    Int:  4    God:    Trog [***...]
Gold:   2501       SH:  4    Dex: 17    Spells: 37/37 levels left
                                        Lives:  0   Deaths: 3

rFire   + .          .
                       - Unarmed
rCold   + . .        (shield unavailable)
rNeg    . . .        (body armour unavailable)
rPois   +            (helmet unavailable)
rElec   .            (cloak unavailable)
rCorr   .            (gloves unavailable)
SInv    +            (boots unavailable)
Will    +++..        h - amulet of guardian spirit
Stlth   ++++         g - ring "Ohec" {Fly rPois Will++ Int-4 Slay+2}
HPRegen 1.11/turn    k - ring of protection from fire
MPRegen 0.22/turn

%: no teleportation, guardian spirit
@: flying, quick
A: very small, claws 1, fangs 3, see invisible, speed 1, shaggy fur 3, stealthy
paws, no weapons or thrown items, no armour, multi-lived, antennae 1, large bone
plates 1, regeneration 1, MP-powered wands
0: Orb of Zot
a: Renounce Religion, Berserk, Trog's Hand


You escaped.
You worshipped Trog.
Trog was most pleased with you.
You visited 1 branch You collected 3899 gold pieces.
You spent 1398 gold pieces at shops.

Inventory:

Jewellery
 g - the ring "Ohec" (left paw) {Fly rPois Will++ Int-4 Slay+2}
   (You bought it in a shop in the Dungeon)

   [ring of flight]

   Int:       It affects your intelligence (-4).
   Slay:      It affects your accuracy & damage with ranged weapons and melee
   (+2).
   rPois:     It protects you from poison.
   Fly:       It grants you flight.
   Will:      It greatly increases your willpower.
 h - an amulet of guardian spirit (around neck)
 k - a ring of protection from fire (right paw)
 l - a ring of resist corrosion
 v - the ring of Vampiric Thralls {Wiz Will+}
   (You found it in the Dungeon)

   [ring of wizardry]

   It improves your spell success rate.
   Will:      It increases your willpower.
 x - a +5 ring of evasion
 y - a ring of protection from fire
Scrolls
 f - 3 scrolls of acquirement {unknown}
 j - 2 scrolls of brand weapon {unknown}
 m - a scroll of magic mapping {unknown}
 q - a scroll of enchant weapon {unknown}
 s - a scroll of torment {unknown}
 B - a scroll of poison {unknown}
 C - a scroll of amnesia {unknown}
 D - a scroll of immolation {unknown}
Potions
 a - 9 potions of curing
 b - a potion of heal wounds
 d - 14 potions of magic
 e - a potion of berserk rage
 n - 7 potions of flight
 o - 3 potions of resistance
 p - a potion of might
 r - 15 potions of mutation
 t - a potion of invisibility
 u - 2 potions of attraction {unknown}
 A - a potion of lignification {unknown}


   Skills:
 + Level 16.3 Fighting
 + Level 20.8 Dodging
 O Level 27 Stealth
 + Level 16.3 Unarmed Combat
 + Level 13.0 Spellcasting


You had 37 spell levels left.
You didn't know any spells.
Your spell library was empty.

Dungeon Overview and Level Annotations

Branches:
Dungeon (1/1)

Altars:
Cheibriados
Dithmenos
Elyvilon
Fedhas
Gozag
Hepliaklqana
Kikubaaqudgha
Makhleb
Nemelex Xobeh
Okawaru
Qazlal
Ru
Sif Muna
Trog
Uskayaw
Vehumet
Wu Jian
Xom
Yredelemnul
Zin
The Shining One
Jiyva
Lugonu

Shops:
D :=:?*![[([![(=!![((

Annotations:
D exclusions: ice statue and oklob plant, Murray, Roxanne


Innate Abilities, Weirdness & Mutations

You have sharp claws.
You have razor-sharp teeth.
You have supernaturally acute eyesight. (SInv)
You cover ground quickly. (Speed+)
Your thick and shaggy fur keeps you warm. (AC +3, rC+)
Your paws help you pounce on unaware monsters.
You are incapable of wielding weapons or throwing items.
You cannot wear armour.
You gain extra lives every three experience levels.
You have a pair of small antennae on your head.
You are partially covered in large bone plates. (SH +4)
Your natural rate of healing is unusually fast.
You expend magic power (3 MP) to strengthen your wands.


Message History

Your troll claws Isuboem but does no damage.
Your troll closely misses Isuboem.
You hear a clap of thunder!
The blast of lightning engulfs Isuboem!!
Isuboem resists.
The blast of lightning engulfs the ball lightning.
The ball lightning completely resists.
The blast of lightning engulfs your troll!!!
Your troll dies!
Your troll's corpse disappears in a puff of smoke!
The ball lightning moves out of view.
Unknown command.
Unknown command.
Okay, then.
Unknown command.
Unknown command.
Unknown command.
Unknown command.
Unknown command.
You feel more experienced!
Trog does not appreciate your training of magic skills!
You feel a little guilty.
Trog does not appreciate your training of magic skills!
Your Spellcasting skill increases to level 13!
Welcome back to level 12!
Unknown command.
Unknown command.
Unknown command.
The ball lightning explodes!
The blast of lightning engulfs Isuboem!!
Isuboem resists.
The blast of lightning engulfs your two-headed ogre!!!!
The blast of lightning engulfs you!!!!
Ouch! That really hurt!
* * * LOW HITPOINT WARNING * * *
Isuboem completely misses your two-headed ogre.
Your two-headed ogre hits Isuboem with a +0 giant spiked club!!
Your two-headed ogre barely misses Isuboem.
You hear a shout!
You have escaped!

##########~~#+++#°'°#####....#.##
#########~~~....○°○°.#.['..^.#..#
∩.......#~~~~.##+##.○#..####.#..#
.∩.....∩#~~~~##.# ##.####..'.##.#
∩.∩...∩.#~~~~#..## #°...#..#...##
.∩...∩.∩#~~####..# ###..#####..##
..∩.∩.∩.#†##.###'###.##..#..'..#.
...∩.∩..#~#..###.##.§§#..#..#..#.
....⌠...'~'.##'.@O&##.'..####..##
........#~#.#.##.##..1#..§.###...
▓▓▓▓▓▓###~##.###'###.##....9.~~~~
G$G######~~####.#.####~~.§.§.~#+#
[.[#J ##~~~#..#..#~~~~~§~§.~#..
∩P?+.. #'#~###.###~§~~§~~§§~#..
=G$#[## #)#~~##+##~~§≈≈≈§~§~~#..
(GG###≈S ### ~~~~~~~~~§≈§≈§~~~#..
+++#+++#~≈≈≈§≈≈≈~#._


You could see Isuboem (distracted, ally target), a Brimstone Fiend (distracted)
and a friendly two-headed ogre (summoned, berserk).

Vanquished Creatures
  A golden dragon (D)
  A hellephant (D)
  3 quicksilver dragons (D)
  A deep elf blademaster (D)
  A deep elf master archer (D)
  2 sphinxes (D)
  A storm dragon (D)
  A draconian shifter (D)
  3 lorocyprocas (D)
  A fire dragon (D)
  A crystal guardian (D)
  Sonja (D)
  2 death drakes (D)
  A glowing orange brain (D)
  2 deep trolls (D)
  2 shining eyes (D)
  A yaktaur (D)
  2 unseen horrors (D)
  5 polar bears (D)
  A hornet (D)
  4 flying skulls (D)
  3 yaks (D)
  2 wyverns (D)
  4 neqoxecs (D)
  Menkaure (D)
  2 redbacks (D)
  7 water moccasins (D)
  2 swamp drakes (D)
  3 black bears (D)
  4 necrophages (D)
  2 earth elementals (D)
  4 scorpions (D)
  A hell rat (D)
  2 worms (D)
  A spectral ball python (D)
  A spectral quokka (D)
76 creatures vanquished.

Vanquished Creatures (collateral kills)
  A kraken (D)
  An obsidian statue (D)
  A harpy (D)
  10 shining eyes (D)
  An eye of devastation (D)
  2 flying skulls (D)
  10 floating eyes (D)
  2 tentacles (D)
28 creatures vanquished.

Vanquished Creatures (others)
  3 ball lightnings (D)
  2 ballistomycete spores (D)
  4 tentacles (D)
9 creatures vanquished.

Grand Total: 113 creatures vanquished

Notes
Turn   | Place    | Note
-------+----------+-------------------------------------------
     0 | D        | Groucho the Felid Berserker began the quest for the Orb.
     0 | D        | Reached XP level 1. HP: 10/10 MP: 2/2
     9 | D        | Reached skill level 2 in Stealth
    13 | D        | Reached skill level 3 in Stealth
    21 | D        | Noticed a necrophage
    21 | D        | Noticed a necrophage
    21 | D        | Noticed a necrophage
    21 | D        | Noticed a necrophage
    25 | D        | Killed a necrophage
    25 | D        | Reached ** piety under Trog
    26 | D        | Reached skill level 6 in Stealth
    26 | D        | Reached XP level 2. HP: 15/15 MP: 3/3
    26 | D        | Reached XP level 3. HP: 18/18 MP: 4/4
    26 | D        | Reached XP level 4. HP: 22/22 MP: 5/5
    27 | D        | Killed a necrophage
    28 | D        | Reached skill level 5 in Fighting
    28 | D        | Reached skill level 8 in Stealth
    28 | D        | Reached skill level 5 in Unarmed Combat
    31 | D        | Killed a necrophage
    32 | D        | Reached skill level 10 in Stealth
    32 | D        | Reached XP level 5. HP: 27/27 MP: 6/6
   245 | D        | Reached *** piety under Trog
   246 | D        | Reached skill level 11 in Stealth
   246 | D        | Gained mutation: You are covered in thick fur. (AC +2)
                  | [Felid growth]
   246 | D        | Reached XP level 6. HP: 31/31 MP: 7/7
   247 | D        | Reached skill level 12 in Stealth
   252 | D        | Reached skill level 13 in Stealth
   259 | D        | Noticed a neqoxec
   263 | D        | Noticed a neqoxec
   264 | D        | Gained mutation: Your body sometimes deteriorates upon
                  | taking damage. [a neqoxec]
   264 | D        | Noticed a neqoxec
   270 | D        | Gained mutation: You occasionally lose the ability to drink
                  | potions when taking damage. [a neqoxec]
   272 | D        | Killed a neqoxec
   273 | D        | Reached skill level 10 in Dodging
   273 | D        | Reached XP level 7. HP: 36/36 MP: 8/8
   274 | D        | Killed a neqoxec
   274 | D        | Reached **** piety under Trog
   275 | D        | Reached skill level 14 in Stealth
   278 | D        | Killed a neqoxec
   279 | D        | Reached skill level 15 in Stealth
   290 | D        | Noticed a neqoxec
   293 | D        | Gained mutation: You have an increased reservoir of magic.
                  | (+10% MP) [a neqoxec]
   297 | D        | Gained mutation: Your spells are a little easier to cast,
                  | but a little less powerful. [a neqoxec]
   306 | D        | Killed a neqoxec
   307 | D        | Reached XP level 8. HP: 21/41 MP: 9/9
   332 | D        | Noticed an ice statue
   636 | D        | Found Hetylos's Antique Weapon Shop.
   636 | D        | Found Uhowaisou's Distillery.
   636 | D        | Found Bodgh's Antique Armour Boutique.
   636 | D        | Found Piqyod Irphat's Antique Armour Boutique.
   636 | D        | Found Byeq's Jewellery Boutique.
   637 | D        | Found Fatzoin's Weapon Boutique.
   638 | D        | Found Neps's Distillery.
   644 | D        | Found Jeolefui's Armour Boutique.
   645 | D        | Found Ziex's Armour Shop.
   645 | D        | Found Quadd's Distillery.
   645 | D        | Noticed Menkaure
   662 | D        | Killed Menkaure
   665 | D        | Found Zohom's Assorted Antiques.
   665 | D        | Found Xepuwol's Magic Scroll Shop.
   665 | D        | Noticed a great orb of eyes
   665 | D        | Noticed an oklob plant
   666 | D        | Found Qayzily's Jewellery Shop.
   666 | D        | Found Nuinom's Book Shoppe.
   666 | D        | Found Rinonk's Book Boutique.
   668 | D        | Noticed a shining eye
   684 | D        | Noticed a slime creature
   688 | D        | Noticed a slime creature
   692 | D        | Bought the ring "Ohec" {Fly rPois Will++ Int-4 Slay+2} for
                  | 512 gold pieces
   692 | D        | Bought an amulet of guardian spirit for 360 gold pieces
   919 | D        | Bought a scroll of identify for 22 gold pieces
   923 | D        | Noticed a shining eye
   923 | D        | Noticed a shining eye
   948 | D        | Reached skill level 16 in Stealth
   948 | D        | Reached skill level 1 in Spellcasting
   955 | D        | Reached ***** piety under Trog
   984 | D        | Found a snail-covered altar of Cheibriados.
   985 | D        | Found a shadowy altar of Dithmenos.
   985 | D        | Found a viscous altar of Jiyva.
   986 | D        | Found a white marble altar of Elyvilon.
   986 | D        | Found an ancient bone altar of Kikubaaqudgha.
   987 | D        | Found a blossoming altar of Fedhas.
   987 | D        | Found a corrupted altar of Lugonu.
   987 | D        | Found a shimmering blue altar of Sif Muna.
   988 | D        | Found an opulent altar of Gozag.
   988 | D        | Found a burning altar of Makhleb.
   988 | D        | Found a bloodstained altar of Trog.
   989 | D        | Found a sparkling altar of Nemelex Xobeh.
   989 | D        | Found a hide-covered altar of Uskayaw.
   990 | D        | Found an iron altar of Okawaru.
   990 | D        | Found a radiant altar of Vehumet.
   990 | D        | Found a glowing silver altar of Zin.
   991 | D        | Noticed a yaktaur
   991 | D        | Noticed a hornet
   991 | D        | Noticed a polar bear
   991 | D        | Noticed a polar bear
   998 | D        | Killed a polar bear
   998 | D        | Noticed a polar bear
  1008 | D        | Killed a polar bear
  1015 | D        | Paralysed by a hornet for 3 turns
  1016 | D        | Slain by a hornet
  1017 | D        | Reached XP level 7. HP: -1/38 MP: 0/13
  1031 | D        | Noticed a kraken
  1050 | D        | Killed a kraken
  1051 | D        | Reached skill level 10 in Fighting
  1051 | D        | Reached skill level 18 in Stealth
  1051 | D        | Reached skill level 10 in Unarmed Combat
  1051 | D        | Reached XP level 8. HP: 17/43 MP: 5/17
  1219 | D        | Found a basalt altar of Yredelemnul.
  1229 | D        | Killed a hornet
  1230 | D        | Reached XP level 9. HP: 46/46 MP: 13/18
  1233 | D        | Killed a yaktaur
  1234 | D        | Reached skill level 19 in Stealth
  1291 | D        | Killed a polar bear
  1292 | D        | Reached skill level 5 in Spellcasting
  1301 | D        | Noticed a death drake
  1323 | D        | Noticed a deep elf master archer
  1341 | D        | Killed a deep elf master archer
  1342 | D        | Reached skill level 20 in Stealth
  1342 | D        | Reached XP level 10. HP: 51/52 MP: 20/22
  1355 | D        | Noticed a death drake
  1355 | D        | Noticed a crystal guardian
  1358 | D        | Killed a crystal guardian
  1360 | D        | Killed a death drake
  1361 | D        | Reached skill level 21 in Stealth
  1362 | D        | Killed a death drake
  1363 | D        | Reached skill level 15 in Dodging
  1404 | D        | Found a shimmering altar of Xom.
  1404 | D        | Found a sacrificial altar of Ru.
  1414 | D        | Found a glowing golden altar of the Shining One.
  1414 | D        | Found an ornate altar of the Wu Jian Council.
  1423 | D        | Reached ****** piety under Trog
  1428 | D        | Noticed a deep troll
  1429 | D        | Noticed a deep troll
  1431 | D        | Killed a deep troll
  1432 | D        | Reached skill level 22 in Stealth
  1432 | D        | Killed a deep troll
  1456 | D        | Noticed a sphinx
  1457 | D        | Noticed a sphinx
  1459 | D        | Killed a sphinx
  1460 | D        | Reached XP level 11. HP: 57/57 MP: 24/26
  1460 | D        | Killed a sphinx
  1461 | D        | Reached skill level 23 in Stealth
  1495 | D        | Found a stormy altar of Qazlal.
  1497 | D        | Found a hazy altar of Hepliaklqana.
  1505 | D        | Identified Roxanne's Omnibus of Vicissitude
  1505 | D        | Noticed Roxanne
  1549 | D        | Noticed an obsidian statue
  1555 | D        | Killed an obsidian statue
  1597 | D        | Noticed a storm dragon
  1600 | D        | Killed a storm dragon
  1606 | D        | Found Juxaer's Weapon Boutique.
  1606 | D        | Found Eqoar's Weapon Shop.
  1606 | D        | Found Gayto's Antique Armour Emporium.
  1606 | D        | Found Loak's Distillery.
  1606 | D        | Noticed a golden dragon
  1609 | D        | Killed a golden dragon
  1610 | D        | Reached skill level 24 in Stealth
  1614 | D        | Bought a potion of resistance for 140 gold pieces
  1614 | D        | Bought a potion of haste for 140 gold pieces
  1614 | D        | Bought 2 potions of invisibility for 224 gold pieces
  1690 | D        | Noticed a fire dragon
  1730 | D        | Killed a fire dragon
  1752 | D        | Reached skill level 25 in Stealth
  1783 | D        | Identified the ring of Vampiric Thralls {Wiz Will+}
  1844 | D        | Noticed Sonja
  1844 | D        | Noticed a glowing orange brain
  1845 | D        | Noticed a hellephant
  1846 | D        | Noticed a purple draconian shifter
  1847 | D        | Killed a hellephant
  1848 | D        | Reached skill level 10 in Spellcasting
  1848 | D        | Gained mutation: Your thick and shaggy fur keeps you warm.
                  | (AC +3, rC+) [Felid growth]
  1848 | D        | Reached XP level 12. HP: 63/63 MP: 27/29
  1853 | D        | Killed Sonja
  1856 | D        | Killed a purple draconian shifter
  1902 | D        | Noticed a deep elf blademaster
  1904 | D        | Reached skill level 26 in Stealth
  1925 | D        | Slain by a deep elf blademaster
  1926 | D        | Reached XP level 11. HP: -1/60 MP: 0/29
  1932 | D        | Killed a deep elf blademaster
  2027 | D        | Lost mutation: Your spells are a little easier to cast, but
                  | a little less powerful. [potion of mutation]
  2027 | D        | Lost mutation: Your body sometimes deteriorates upon taking
                  | damage. [potion of mutation]
  2027 | D        | Gained mutation: Your flesh is cold resistant. (rC+)
                  | [potion of mutation]
  2027 | D        | Gained mutation: You occasionally shout uncontrollably at
                  | your foes. [potion of mutation]
  2027 | D        | Gained mutation: You expend magic power (3 MP) to
                  | strengthen your wands. [potion of mutation]
  2028 | D        | Lost mutation: You have an increased reservoir of magic.
                  | (+10% MP) [potion of mutation]
  2028 | D        | Lost mutation: Your flesh is cold resistant. (rC+) [potion
                  | of mutation]
  2028 | D        | Lost mutation: You expend magic power (3 MP) to strengthen
                  | your wands. [potion of mutation]
  2028 | D        | Gained mutation: You do not regenerate when monsters are
                  | visible. [potion of mutation]
  2028 | D        | Gained mutation: Your body sometimes deteriorates upon
                  | taking damage. [potion of mutation]
  2028 | D        | Gained mutation: You are strong-willed. (Will+) [potion of
                  | mutation]
  2028 | D        | Gained mutation: You are somewhat resistant to further
                  | mutation. [potion of mutation]
  2043 | D        | Noticed a shining eye
  2043 | D        | Noticed a shining eye
  2043 | D        | Noticed a shining eye
  2043 | D        | Noticed a shining eye
  2043 | D        | Noticed a shining eye
  2043 | D        | Noticed a shining eye
  2043 | D        | Noticed a shining eye
  2043 | D        | Noticed a shining eye
  2044 | D        | Gained mutation: You are clumsy. (Dex -2) [a shining eye]
  2045 | D        | Noticed a shining eye
  2045 | D        | Noticed a shining eye
  2045 | D        | Noticed a shining eye
  2046 | D        | Noticed a shining eye
  2047 | D        | Paralysed by a floating eye for 3 turns
  2048 | D        | Killed a shining eye
  2049 | D        | Gained mutation: Potions are less effective at restoring
                  | your health. [a shining eye]
  2050 | D        | Killed a shining eye
  2053 | D        | Gained mutation: You sometimes lose your temper in combat.
                  | [a shining eye]
  2053 | D        | Killed a shining eye
  2054 | D        | Reached skill level 27 in Stealth
  2055 | D        | Killed a shining eye
  2055 | D        | Lost mutation: You are strong-willed. (Will+) [a shining
                  | eye]
  2056 | D        | Killed a shining eye
  2056 | D        | Killed a shining eye
  2057 | D        | Reached XP level 12. HP: 64/64 MP: 26/28
  2058 | D        | Paralysed by a floating eye for 4 turns
  2059 | D        | Reached skill level 15 in Fighting
  2059 | D        | Gained mutation: You have an uncontrollable temper. [a
                  | shining eye]
  2060 | D        | Reached skill level 15 in Unarmed Combat
  2084 | D        | Lost mutation: Potions are less effective at restoring your
                  | health. [potion of mutation]
  2084 | D        | Lost mutation: You occasionally lose the ability to drink
                  | potions when taking damage. [potion of mutation]
  2084 | D        | Gained mutation: Your system is resistant to poisons.
                  | (rPois) [potion of mutation]
  2085 | D        | Lost mutation: Your system is resistant to poisons. (rPois)
                  | [potion of mutation]
  2085 | D        | Lost mutation: You are clumsy. (Dex -2) [potion of
                  | mutation]
  2085 | D        | Lost mutation: Your body sometimes deteriorates upon taking
                  | damage. [potion of mutation]
  2086 | D        | Lost mutation: You are somewhat resistant to further
                  | mutation. [potion of mutation]
  2086 | D        | Lost mutation: You have an uncontrollable temper. [potion
                  | of mutation]
  2086 | D        | Gained mutation: You are partially covered in iridescent
                  | scales. (AC +2) [potion of mutation]
  2086 | D        | Gained mutation: You frequently scream uncontrollably at
                  | your foes. [potion of mutation]
  2086 | D        | Gained mutation: Your spells are a little easier to cast,
                  | but a little less powerful. [potion of mutation]
  2086 | D        | Gained mutation: Your muscles are strong. (Str +4, Int/Dex
                  | -1) [potion of mutation]
  2087 | D        | Lost mutation: You are partially covered in iridescent
                  | scales. (AC +2) [potion of mutation]
  2087 | D        | Lost mutation: Your spells are a little easier to cast, but
                  | a little less powerful. [potion of mutation]
  2087 | D        | Gained mutation: You are partially covered in iridescent
                  | scales. (AC +2) [potion of mutation]
  2087 | D        | Gained mutation: You are partially covered in large bone
                  | plates. (SH +4) [potion of mutation]
  2088 | D        | Lost mutation: Your muscles are strong. (Str +4, Int/Dex
                  | -1) [potion of mutation]
  2088 | D        | Lost mutation: You do not regenerate when monsters are
                  | visible. [potion of mutation]
  2088 | D        | Gained mutation: Your muscles are strong. (Str +4, Int/Dex
                  | -1) [potion of mutation]
  2089 | D        | Lost mutation: You sometimes lose your temper in combat.
                  | [potion of mutation]
  2089 | D        | Lost mutation: Your muscles are strong. (Str +4, Int/Dex
                  | -1) [potion of mutation]
  2089 | D        | Lost mutation: You are partially covered in iridescent
                  | scales. (AC +2) [potion of mutation]
  2089 | D        | Gained mutation: You are vulnerable to cold. (rC-) [potion
                  | of mutation]
  2089 | D        | Gained mutation: You have a pair of small horns on your
                  | head. [potion of mutation]
  2089 | D        | Gained mutation: You expend magic power (3 MP) to
                  | strengthen your wands. [potion of mutation]
  2090 | D        | Lost mutation: You have a pair of small horns on your head.
                  | [potion of mutation]
  2090 | D        | Lost mutation: You frequently scream uncontrollably at your
                  | foes. [potion of mutation]
  2090 | D        | Lost mutation: You are vulnerable to cold. (rC-) [potion of
                  | mutation]
  2090 | D        | Gained mutation: Your muscles are strong. (Str +4, Int/Dex
                  | -1) [potion of mutation]
  2090 | D        | Gained mutation: You are dopey. (Int -2) [potion of
                  | mutation]
  2090 | D        | Gained mutation: Your flesh is heat resistant. (rF+)
                  | [potion of mutation]
  2091 | D        | Lost mutation: You occasionally shout uncontrollably at
                  | your foes. [potion of mutation]
  2091 | D        | Lost mutation: You expend magic power (3 MP) to strengthen
                  | your wands. [potion of mutation]
  2091 | D        | Lost mutation: Your muscles are strong. (Str +4, Int/Dex
                  | -1) [potion of mutation]
  2091 | D        | Gained mutation: You are agile. (Dex +4, Str/Int -1)
                  | [potion of mutation]
  2092 | D        | Lost mutation: Your flesh is heat resistant. (rF+) [potion
                  | of mutation]
  2092 | D        | Lost mutation: You are dopey. (Int -2) [potion of mutation]
  2092 | D        | Gained mutation: Potions are less effective at restoring
                  | your health. [potion of mutation]
  2092 | D        | Gained mutation: Your muscles are strong. (Str +4, Int/Dex
                  | -1) [potion of mutation]
  2092 | D        | Gained mutation: You expend magic power (3 MP) to
                  | strengthen your wands. [potion of mutation]
  2093 | D        | Lost mutation: You are partially covered in large bone
                  | plates. (SH +4) [potion of mutation]
  2093 | D        | Lost mutation: You are agile. (Dex +4, Str/Int -1) [potion
                  | of mutation]
  2093 | D        | Gained mutation: Your flesh is cold resistant. (rC+)
                  | [potion of mutation]
  2093 | D        | Gained mutation: Your spells are a little easier to cast,
                  | but a little less powerful. [potion of mutation]
  2094 | D        | Lost mutation: Your muscles are strong. (Str +4, Int/Dex
                  | -1) [potion of mutation]
  2094 | D        | Lost mutation: You expend magic power (3 MP) to strengthen
                  | your wands. [potion of mutation]
  2094 | D        | Lost mutation: Your flesh is cold resistant. (rC+) [potion
                  | of mutation]
  2094 | D        | Lost mutation: Potions are less effective at restoring your
                  | health. [potion of mutation]
  2094 | D        | Gained mutation: You have hidden genetic potential. [potion
                  | of mutation]
  2095 | D        | Lost mutation: Your spells are a little easier to cast, but
                  | a little less powerful. [potion of mutation]
  2095 | D        | Lost mutation: You have hidden genetic potential. [potion
                  | of mutation]
  2095 | D        | Gained mutation: You are partially covered in large bone
                  | plates. (SH +4) [potion of mutation]
  2095 | D        | Gained mutation: Your natural rate of healing is unusually
                  | fast. [potion of mutation]
  2095 | D        | Gained mutation: You have a pair of small antennae on your
                  | head. [potion of mutation]
  2095 | D        | Gained mutation: You expend magic power (3 MP) to
                  | strengthen your wands. [potion of mutation]
  2117 | D        | Identified the +0 buckler "Bojuna" {Regen+}
  2118 | D        | Identified the ring of Daixyug {Wiz rCorr MP-9 Int+6
                  | Stlth+}
  2203 | D        | Noticed a quicksilver dragon
  2207 | D        | Killed a quicksilver dragon
  2230 | D        | Noticed a lorocyproca
  2230 | D        | Noticed a quicksilver dragon
  2230 | D        | Noticed a lorocyproca
  2231 | D        | Killed a quicksilver dragon
  2234 | D        | Killed a lorocyproca
  2237 | D        | Killed a lorocyproca
  2255 | D        | Noticed a quicksilver dragon
  2260 | D        | Killed a quicksilver dragon
  2280 | D        | Noticed a lorocyproca
  2295 | D        | Killed a lorocyproca
  3054 | D        | Got the Orb of Zot
  3058 | D        | Noticed Murray
  3058 | D        | Noticed a jiangshi
  3072 | D        | HP: 3/66 [phantasmal warrior[Murray] (22)]
  3073 | D        | Mangled by a jiangshi
  3074 | D        | Reached XP level 11. HP: -7/62 MP: 0/28
  3076 | D        | Noticed an electric golem
  3076 | D        | Noticed an iron golem
  3169 | D        | Noticed Isuboem the pandemonium lord
  3175 | D        | Reached XP level 12. HP: 67/67 MP: 28/30
  3176 | D        | Noticed a Brimstone Fiend
  3177 | D        | Escaped with the Orb!

Illustrated notes

Levels and vault maps discovered:
D:        the_violet_keep_of_menkaure [sprint2_stairs_cluster_1,
          sprint2_shoproom, sprint2_temple, sprint2_basic_supplies,
          sprint2_obstacle_2, sprint2_obstacle_6, sprint2_obstacle_3,
          sprint2_obstacle_7, sprint2_obstacle_4, sprint2_timed_cluster_1,
          sprint2_smallroom_cluster_1, sprint2_smallroom_final_cluster_1,
          sprint2_transparent_cluster_1, sprint2_second_timed_cluster_1,
          sprint2_sniper_area_1, sprint2_heavy_combat_area_1,
          sprint2_mutation_trap_area_1, sprint2_forest_area_1,
          sprint2_light_combat_area_1, sprint2_behind_water_1,
          sprint2_near_end_vault_1]

Skill      XL: |  1  2  3  4  5  6  7  8  9 10 11 12 |
---------------+-------------------------------------+-----
Stealth        | 6 10 11 13 18 16 20 22 27 26 | 27.0
Fighting       | 4 5 6 7 10 9 11 12 13 16 | 16.3
Dodging        | 6 7 8 10 13 12 14 15 19 20 | 20.8
Unarmed Combat | 4 5 6 7 10 9 11 12 13 16 | 16.3
Spellcasting   | 4 2 6 8 13 12 | 13.0

Action                     |  1- 3 |  4- 6 |  7- 9 | 10-12 || total
---------------------------+-------+-------+-------+-------++-------
  Melee: Unarmed           |     6 |    24 |    72 |   164 ||   266
         Bite              |     2 |     1 |     9 |    18 ||    30
         Punch             |     1 |     2 |     4 |    19 ||    26
 Invoke: Berserk           |     1 |     1 |     2 |     1 ||     5
         Trog's Hand       |       |     1 |     3 |     5 ||     9
         Brothers in Arms  |       |       |     1 |    15 ||    16
    Use: Scroll            |       |       |     5 |     2 ||     7
         Potion            |       |       |       |    21 ||    21
   Stab: Sleeping          |     1 |     4 |     7 |    25 ||    37
         Distracted        |       |       |       |     1 ||     1
 Armour: Skin              |       |     2 |     3 |       ||     5
  Dodge: Dodged            |     2 |     7 |    66 |   151 ||   226
  Block: Other             |       |       |       |     8 ||     8
